 Dungeon Crawl Stone Soup version 0.28-a0-239-g68911e0c57 (webtiles) character file.

Game seed: 3034981056620226626

32 Colgate the Chopper (level 3, -5/28 HPs)
             Began as a Vampire Fighter on Aug 23, 2021.
             Slain by a gnoll (6 damage)
             ... on level 2 of the Dungeon.
             The game lasted 00:00:36 (1026 turns).

Colgate the Chopper (Vampire Fighter)               Turns: 1026, Time: 00:00:37

Health: -5/28      AC:  6    Str: 16    XL:     3   Next: 8%
Magic:  3/3        EV:  7    Int: 10    God:
Gold:   17         SH:  8    Dex: 13    Spells: 2/2 levels left

rFire   . . .      SeeInvis +   Y - +0 war axe
rCold   . . .      Faith    .   c - +0 kite shield
rNeg    . . .      Spirit   .   b - +0 scale mail
rPois   +          Reflect  .   (no helmet)
rElec   .          Harm     .   (no cloak)
rCorr   .          Rampage  .   (no gloves)
Will    .....                   (no boots)
Stlth   ..........              (no amulet)
HPRegen 0.29/turn               j - ring of poison resistance
MPRegen 0.08/turn               (no ring)

@: healing quickly
A: alive, fangs 3, see invisible, vampiric 2
a: Exsanguinate


You were on level 2 of the Dungeon.
You visited 1 branch of the dungeon, and saw 2 of its levels.

You collected 17 gold pieces.


Innate Abilities, Weirdness & Mutations

Your natural rate of healing is accelerated.
You have razor-sharp teeth.
You have supernaturally acute eyesight. (SInv)
You are afflicted with vampirism and can become a bat while bloodless.


   Skills:
 - Level 2.6 Fighting
 + Level 3.0 Axes
 - Level 2.4 Armour
 - Level 1.2 Dodging
 - Level 2.6 Shields


You had 2 spell levels left.
You didn't know any spells.
Your spell library was empty.

Inventory:

Hand Weapons
 Y - a +0 war axe (weapon)
Armour
 b - a +0 scale mail (worn)
 c - a +0 kite shield (worn)
Jewellery
 j - a ring of poison resistance (left hand)
Potions
 d - 2 potions of might
 e - a potion of haste {unknown}
 g - a potion of heal wounds {unknown}
 h - a potion of magic {unknown}

Dungeon Overview and Level Annotations

Branches:
Dungeon (2/15)

Altars:

Shops:
D:1 [


Message History

The goblin shouts!
Found a stone staircase leading down.
The goblin hits you with a +0 dagger.
You slash the goblin!
You kill the goblin!
You hit the gnoll but do no damage.
The gnoll hits you from afar with a +0 spear.
You slash the gnoll!
The gnoll is heavily wounded.
You hit the gnoll. You block the gnoll's attack. The gnoll closely misses you.
You block the gnoll's attack. The gnoll closely misses you.
The gnoll completely misses you.
You barely miss the gnoll.
The gnoll is heavily wounded.
You barely miss the gnoll. You block the gnoll's attack.
The gnoll hits you with a +0 club. The gnoll hits you with a +0 flail!
The gnoll closely misses you. The gnoll barely misses you.
You slash the gnoll!
You kill the gnoll!
You closely miss the gnoll.
The gnoll hits you from afar with a +0 spear.
The gnoll closely misses you.
The gnoll hits you from afar with a +0 spear.
Your Axes skill increases to level 3!
You have reached level 3!
Your experience leads to an increase in your attributes!
Increase (S)trength, (I)ntelligence, or (D)exterity?
You feel stronger.
You can now turn into a vampire bat when bloodless.
You barely miss the gnoll.
The gnoll is lightly wounded.
You block the gnoll's attack.
The gnoll hits you from afar with a +0 spear.
You block the gnoll's attack.
You hit the gnoll.
The gnoll is moderately wounded.
You block the gnoll's attack. x2
The gnoll hits you from afar with a +0 spear.
You die...

....................
............<#..##.
....................
............#..##..
..................
####.#.....!.......
.##[....g#g......#.##
.........#.......#.#
.........#@......# #
.......).)g........
............#......
..........###.....
..........> ....
......##.### ..
...... #.# . ###.##
#.# .. #.#


You could see 2 gnolls.

Vanquished Creatures
  A gnoll (D:2)
  3 ball pythons (D:1)
  2 endoplasms (D:1)
  A giant cockroach (D:1)
  2 goblins
  4 hobgoblins (D:1)
  A quokka (D:1)
  3 bats (D:1)
  2 frilled lizards (D:1)
  2 rats (D:1)
21 creatures vanquished.

Notes
Turn   | Place    | Note
-------+----------+-------------------------------------------
     0 | D:1      | Colgate the Vampire Fighter began the quest for the Orb.
     0 | D:1      | Reached XP level 1. HP: 17/17 MP: 1/1
     0 | D:1      | 0 ||| counter = 22
    83 | D:1      | Reached skill level 2 in Axes
   204 | D:1      | Found Peatar's Antique Armour Emporium.
   208 | D:1      | 208 ||| SHOPLISTING chain mail (121 gold, have 0).
   208 | D:1      | 208 ||| SHOPLISTING cloak (121 gold, have 0).
   208 | D:1      | 208 ||| SHOPLISTING pair of embroidered gloves (202 gold,
                  | have 0).
   208 | D:1      | 208 ||| SHOPLISTING runed chain mail (202 gold, have 0).
   208 | D:1      | 208 ||| SHOPLISTING runed scarf (216 gold, have 0).
   208 | D:1      | 208 ||| SHOPLISTING tiger eye-encrusted chain mail (256
                  | gold, have 0).
   248 | D:1      | Reached skill level 1 in Dodging
   345 | D:1      | Reached XP level 2. HP: 23/23 MP: 2/2
   932 | D:1      | 932 ||| UPGRADING to ring of poison resistance.
   933 | D:1      | 933 ||| READING 2 scrolls labelled SUDAORCH IHILE.
   934 | D:1      | 934 ||| READING scroll labelled JOFRITW COZAP.
   971 | D:1      | 971 ||| DROPPING scroll of fog.
  1024 | D:2      | HP: 5/23 [gnoll (1)]
  1024 | D:2      | HP: 2/23 [gnoll (3)]
  1025 | D:2      | Reached skill level 3 in Axes
  1025 | D:2      | Gained mutation: You are afflicted with vampirism and can
                  | become a bat while bloodless. [Vampire growth]
  1025 | D:2      | Reached XP level 3. HP: 3/28 MP: 3/3
  1026 | D:2      | Slain by a gnoll

Levels and vault maps discovered:
D:1:      dpeg_arrival_ternary, layout_loops_corners, serial_shops,
          shop_fountains, dk_noncrumbling_3, minmay_misc_feat_roman,
          hangedman_decor_points
D:2:      wander_river, layout_basic

Skill      XL: |  1  2 |
---------------+-------+-----
Axes           | 2 3 |  3.0
Dodging        | 1 |  1.2
Fighting       | |  2.6
Armour         | |  2.4
Shields        | |  2.6

Action                   || total
-------------------------++-------
Melee: War axe           ||    72
       Bite              ||     2
  Use: Scroll            ||     2
Armor: Scale mail        ||    33
Dodge: Dodged            ||    29
Block: Kite shield       ||    51

Table legend:
 A = Non-vault XP
 B = Vault XP
 C = Vault XP percentage of total XP
 D = Non-vault monster count
 E = Vault monster count
 F = Vault count percentage of total count
                 A         B        C        D         E       F
            +---------+---------+-------+---------+---------+-------
      Total |      46 |       0 |   0.0 |      21 |       0 |   0.0
            +---------+---------+-------+---------+---------+-------
        D:1 |      30 |       0 |   0.0 |      19 |       0 |   0.0
        D:2 |      16 |       0 |   0.0 |       2 |       0 |   0.0
            +---------+---------+-------+---------+---------+-------
